TOP OF THE 1ST |
Boston Red Sox batting - Pitching for Los Angeles Angels : RHP Stephen Strasburg
|
Pitching: RHP Stephen Strasburg
|
|
Batting: RHB Victor Robles
|
0-0: Ball 1-0: Called Strike 1-1: Foul Ball, location: 2F 1-2: Fly out, F4 (Popup, 4, EV 36.3 MPH)
|
Batting: RHB Eduardo Nunez
|
0-0: Called Strike 0-1: Ball 1-1: SOLO HOME RUN (Flyball, 7D, EV 91.3 MPH), Distance : 364 ft
|
Batting: SHB Yangervis Solarte
|
0-0: Called Strike 0-1: Foul Ball, location: 2F 0-2: Ball 1-2: Fly out, F8 (Flyball, 78XD, EV 91.3 MPH)
|
Batting: LHB Greg Bird
|
0-0: Ball 1-0: Swinging Strike 1-1: Foul Ball, location: 2F 1-2: Ball 2-2: Ground out 4-3 (Groundball, 4, EV 84.4 MPH)
|
Top of the 1st over - 1 run, 1 hit, 0 errors, 0 left on base; Boston 1 - Los Angeles 0 |
BOTTOM OF THE 1ST |
Los Angeles Angels batting - Pitching for Boston Red Sox : RHP Edinson Volquez
|
Pitching: RHP Edinson Volquez
|
|
Batting: LHB Kevin Kiermaier
|
0-0: Bunt for hit to 2L - play at first, batter OUT! 2-3
|
Batting: LHB Nick Markakis
|
0-0: Called Strike 0-1: Ground out 3-1 (Groundball, 34, EV 86.9 MPH)
|
Batting: RHB Wil Myers
|
0-0: Ball 1-0: Ball 2-0: Ball 3-0: Fly out, F7 (Flyball, 7S, EV 90.0 MPH)
|
Bottom of the 1st over - 0 runs, 0 hits, 0 errors, 0 left on base; Boston 1 - Los Angeles 0 |
TOP OF THE 2ND |
Boston Red Sox batting - Pitching for Los Angeles Angels : RHP Stephen Strasburg
|
Batting: RHB Pablo Reyes
|
0-0: Fly out, F8 (Flyball, 8LXD, EV 95.6 MPH)
|
Batting: RHB Albert Pujols
|
0-0: Called Strike 0-1: Foul Ball, location: 2F 0-2: Strikes out swinging
|
Batting: LHB Alex Dickerson
|
0-0: Called Strike 0-1: Called Strike 0-2: Strikes out swinging, 2-3 out at first.
|
Top of the 2nd over - 0 runs, 0 hits, 0 errors, 0 left on base; Boston 1 - Los Angeles 0 |
BOTTOM OF THE 2ND |
Los Angeles Angels batting - Pitching for Boston Red Sox : RHP Edinson Volquez
|
Batting: RHB Trevor Story
|
0-0: Swinging Strike 0-1: Ball 1-1: Ball 2-1: Ball 3-1: Called Strike 3-2: Strikes out swinging
|
Batting: RHB Wilmer Flores
|
0-0: Ball 1-0: Called Strike 1-1: Ball 2-1: Swinging Strike 2-2: Foul Ball, location: 2F 2-2: Fly out, F9 (Line Drive, 9, EV 85.6 MPH)
|
Batting: RHB Evan Longoria
|
0-0: Ball 1-0: Foul Ball, location: 2F 1-1: Foul Ball, location: 2F 1-2: Ball 2-2: Foul Ball, location: 2F 2-2: Strikes out swinging
|
Bottom of the 2nd over - 0 runs, 0 hits, 0 errors, 0 left on base; Boston 1 - Los Angeles 0 |
TOP OF THE 3RD |
Boston Red Sox batting - Pitching for Los Angeles Angels : RHP Stephen Strasburg
|
Batting: LHB J.P. Crawford
|
0-0: Called Strike 0-1: Ball 1-1: Foul Ball, location: 2F 1-2: Strikes out looking
|
Batting: RHB Jonathan Lucroy
|
0-0: Ball 1-0: Ball 2-0: Foul Ball, location: 2F 2-1: Foul Ball, location: 2F 2-2: Ball 3-2: Foul Ball, location: 2F 3-2: SINGLE (Popup, 3D, EV 61.3 MPH)
|
Batting: RHB Victor Robles
|
0-0: Called Strike 0-1: Ball 1-1: Foul Ball, location: 2F 1-2: Foul Ball, location: 2F 1-2: Ball 2-2: Ball 3-2: Fielders Choice at 2nd, 5-4 (Groundball, 5, EV 109.4 MPH)
|
Batting: RHB Eduardo Nunez
|
0-0: Called Strike 0-1: Foul Ball, location: 2F 0-2: Ball Victor Robles is caught stealing 2nd base 2-4
|
Top of the 3rd over - 0 runs, 1 hit, 0 errors, 0 left on base; Boston 1 - Los Angeles 0 |
BOTTOM OF THE 3RD |
Los Angeles Angels batting - Pitching for Boston Red Sox : RHP Edinson Volquez
|
Batting: RHB Tyler Austin
|
0-0: Called Strike 0-1: Ball 1-1: Ball 2-1: Bunt for hit to 15S - play at first, batter OUT! 1-3
|
Batting: RHB Mike Zunino
|
0-0: Ball 1-0: Ball 2-0: Called Strike 2-1: Ball 3-1: Base on Balls
|
Batting: RHB Zack Cozart
|
0-0: Called Strike Mike Zunino steals 2nd base 0-1: Ball 1-1: Ball 2-1: Ground out 5-3 (Groundball, 5S, EV 84.4 MPH)
|
Batting: LHB Kevin Kiermaier
|
0-0: Ball 1-0: Ball 2-0: Called Strike 2-1: SINGLE (Line Drive, 78S, EV 89.4 MPH) Mike Zunino to third
|
Batting: LHB Nick Markakis
|
0-0: Ball 1-0: Swinging Strike 1-1: Fly out, F6 (Line Drive, 6, EV 73.8 MPH)
|
Bottom of the 3rd over - 0 runs, 1 hit, 0 errors, 2 left on base; Boston 1 - Los Angeles 0 |
TOP OF THE 4TH |
Boston Red Sox batting - Pitching for Los Angeles Angels : RHP Stephen Strasburg
|
Batting: RHB Eduardo Nunez
|
0-0: Ground out 6-3 (Groundball, 6, EV 90.6 MPH)
|
Batting: SHB Yangervis Solarte
|
0-0: Ball 1-0: Fly out, F6 (Popup, 6M, EV 75.6 MPH)
|
Batting: LHB Greg Bird
|
0-0: Fly out, F8 (Line Drive, 8RM, EV 102.5 MPH)
|
Top of the 4th over - 0 runs, 0 hits, 0 errors, 0 left on base; Boston 1 - Los Angeles 0 |
BOTTOM OF THE 4TH |
Los Angeles Angels batting - Pitching for Boston Red Sox : RHP Edinson Volquez
|
Batting: RHB Wil Myers
|
0-0: Fly out, F9 (Flyball, 9D, EV 102.5 MPH)
|
Batting: RHB Trevor Story
|
0-0: Called Strike 0-1: Called Strike 0-2: Ball 1-2: Ball 2-2: Ball 3-2: Foul Ball, location: 2F 3-2: Strikes out swinging
|
Batting: RHB Wilmer Flores
|
0-0: Ground out 2-3 (Groundball, 13S, EV 70.6 MPH)
|
Bottom of the 4th over - 0 runs, 0 hits, 0 errors, 0 left on base; Boston 1 - Los Angeles 0 |
TOP OF THE 5TH |
Boston Red Sox batting - Pitching for Los Angeles Angels : RHP Stephen Strasburg
|
Batting: RHB Pablo Reyes
|
0-0: Foul Ball, location: 2F 0-1: Ground out 4-3 (Groundball, 4, EV 89.4 MPH)
|
Batting: RHB Albert Pujols
|
0-0: Ball 1-0: Foul Ball, location: 2F 1-1: Foul Ball, location: 2F 1-2: Ball 2-2: Foul Ball, location: 2F 2-2: Foul Ball, location: 2F 2-2: Strikes out swinging
|
Batting: LHB Alex Dickerson
|
0-0: Ground out 6-3 (Groundball, 6, EV 105.0 MPH)
|
Top of the 5th over - 0 runs, 0 hits, 0 errors, 0 left on base; Boston 1 - Los Angeles 0 |
BOTTOM OF THE 5TH |
Los Angeles Angels batting - Pitching for Boston Red Sox : RHP Edinson Volquez
|
Batting: RHB Evan Longoria
|
0-0: Foul Ball, location: 2F 0-1: Ball 1-1: Fly out, F8 (Flyball, 8LD, EV 88.8 MPH)
|
Batting: RHB Tyler Austin
|
0-0: Ball 1-0: Ball 2-0: Ball 3-0: Called Strike 3-1: SINGLE (Flyball, 78S, EV 86.3 MPH)
|
Batting: RHB Mike Zunino
|
0-0: Ball 1-0: Fly out, F5 (Popup, 5SF, EV 67.5 MPH)
|
Batting: RHB Zack Cozart
|
0-0: Ball 1-0: Called Strike 1-1: SINGLE (Line Drive, 5L, EV 102.5 MPH) Tyler Austin to second
|
Batting: LHB Kevin Kiermaier
|
0-0: Ball 1-0: Swinging Strike 1-1: Called Strike 1-2: Fly out, F4 (Popup, 4, EV 75.0 MPH)
|
Bottom of the 5th over - 0 runs, 2 hits, 0 errors, 2 left on base; Boston 1 - Los Angeles 0 |
TOP OF THE 6TH |
Boston Red Sox batting - Pitching for Los Angeles Angels : RHP Stephen Strasburg
|
Batting: LHB J.P. Crawford
|
0-0: Called Strike 0-1: Swinging Strike 0-2: Ball 1-2: Strikes out swinging
|
Batting: RHB Jonathan Lucroy
|
0-0: DOUBLE (Groundball, 5L, EV 103.1 MPH)
|
Batting: RHB Victor Robles
|
0-0: Ball 1-0: Foul Ball, location: 2F 1-1: Ball 2-1: Ball 3-1: Foul Ball, location: 2F 3-2: Base on Balls
|
Batting: RHB Eduardo Nunez
|
0-0: Ball 1-0: Ball 2-0: Foul Ball, location: 2F 2-1: SINGLE (Line Drive, 78M, EV 101.3 MPH) Jonathan Lucroy to third Victor Robles to second
|
Batting: SHB Yangervis Solarte
|
0-0: SINGLE (Groundball, 4MD, EV 108.1 MPH) Jonathan Lucroy scores Victor Robles to third Eduardo Nunez to second
|
Batting: LHB Greg Bird
|
0-0: Called Strike 0-1: Swinging Strike 0-2: Ball 1-2: Strikes out swinging
|
Batting: RHB Pablo Reyes
|
0-0: Foul Ball, location: 2F 0-1: Swinging Strike 0-2: Ball 1-2: Foul Ball, location: 2F 1-2: Foul Ball, location: 2F 1-2: Strikes out looking
|
Top of the 6th over - 1 run, 3 hits, 0 errors, 3 left on base; Boston 2 - Los Angeles 0 |
BOTTOM OF THE 6TH |
Los Angeles Angels batting - Pitching for Boston Red Sox : RHP Edinson Volquez
|
Batting: LHB Nick Markakis
|
0-0: Swinging Strike 0-1: Called Strike 0-2: Foul Ball, location: 2F 0-2: Foul Ball, location: 2F 0-2: Ball 1-2: Ball 2-2: Ball 3-2: Foul Ball, location: 2F 3-2: Ground out 4-3 (Groundball, 4, EV 83.1 MPH)
|
Batting: RHB Wil Myers
|
0-0: Ball 1-0: Called Strike 1-1: Ball 2-1: Foul Ball, location: 2F 2-2: Strikes out swinging
|
Batting: RHB Trevor Story
|
0-0: Ball 1-0: Ball 2-0: Ground out 6-3 (Groundball, 6M, EV 83.1 MPH)
|
Bottom of the 6th over - 0 runs, 0 hits, 0 errors, 0 left on base; Boston 2 - Los Angeles 0 |
TOP OF THE 7TH |
Boston Red Sox batting - Pitching for Los Angeles Angels : RHP Stephen Strasburg
|
Batting: RHB Albert Pujols
|
0-0: Ball 1-0: Called Strike 1-1: Ball 2-1: Ground out 4-3 (Groundball, 6MD, EV 103.8 MPH)
|
Batting: LHB Alex Dickerson
|
0-0: Foul Ball, location: 2F 0-1: Ball 1-1: Fly out, F9 (Flyball, 9, EV 86.3 MPH)
|
Batting: LHB J.P. Crawford
|
0-0: Called Strike 0-1: Ball 1-1: Ball 2-1: Foul Ball, location: 2F 2-2: Ball 3-2: DOUBLE (Line Drive, 9LM, EV 102.5 MPH)
|
Batting: RHB Jonathan Lucroy
|
0-0: Ball 1-0: Foul Ball, location: 2F 1-1: Foul Ball, location: 2F 1-2: Ball 2-2: Ball 3-2: Strikes out swinging
|
Top of the 7th over - 0 runs, 1 hit, 0 errors, 1 left on base; Boston 2 - Los Angeles 0 |
BOTTOM OF THE 7TH |
Los Angeles Angels batting - Pitching for Boston Red Sox : RHP Edinson Volquez
|
Batting: RHB Wilmer Flores
|
0-0: Fly out, F2 (Popup, 5SF, EV 70.6 MPH)
|
Batting: RHB Evan Longoria
|
0-0: SINGLE (Flyball, 78M, EV 88.1 MPH)
|
Batting: RHB Tyler Austin
|
0-0: Ball 1-0: Swinging Strike 1-1: Foul Ball, location: 2F 1-2: Ball 2-2: Grounds into double play, 6-4-3 (Groundball, 6, EV 111.3 MPH)
|
Bottom of the 7th over - 0 runs, 1 hit, 0 errors, 0 left on base; Boston 2 - Los Angeles 0 |
TOP OF THE 8TH |
Boston Red Sox batting - Pitching for Los Angeles Angels : RHP Stephen Strasburg
|
Batting: RHB Victor Robles
|
0-0: Foul Ball, location: 2F 0-1: Foul Ball, location: 2F 0-2: Foul Ball, location: 2F 0-2: Ball 1-2: Ball 2-2: SINGLE (Line Drive, 4D, EV 96.3 MPH)
|
Pitching: RHP Jeurys Familia
|
|
Batting: RHB Eduardo Nunez
|
0-0: Ball 1-0: Bunted foul 1-1: Ball Victor Robles is caught stealing 2nd base 2-4 2-1: Swinging Strike 2-2: Ball 3-2: Fly out, F8 (Flyball, 8RXD, EV 87.5 MPH)
|
Batting: SHB Yangervis Solarte
|
0-0: Called Strike 0-1: Foul Ball, location: 2F 0-2: Ball 1-2: Strikes out swinging, 2-3 out at first.
|
Top of the 8th over - 0 runs, 1 hit, 0 errors, 0 left on base; Boston 2 - Los Angeles 0 |
BOTTOM OF THE 8TH |
Los Angeles Angels batting - Pitching for Boston Red Sox : RHP Edinson Volquez
|
Pitching: RHP Craig Kimbrel
|
|
Batting: RHB Mike Zunino
|
0-0: Called Strike 0-1: Ball 1-1: Called Strike 1-2: Fly out, F7 (Flyball, 78M, EV 93.8 MPH)
|
Batting: RHB Zack Cozart
|
0-0: Ball 1-0: Ground out 5-3 (Groundball, 5S, EV 93.8 MPH)
|
Batting: LHB Kevin Kiermaier
|
0-0: Ball 1-0: Foul Ball, location: 2F 1-1: Swinging Strike 1-2: Strikes out looking
|
Bottom of the 8th over - 0 runs, 0 hits, 0 errors, 0 left on base; Boston 2 - Los Angeles 0 |
TOP OF THE 9TH |
Boston Red Sox batting - Pitching for Los Angeles Angels : RHP Jeurys Familia
|
Pitching: LHP Aroldis Chapman
|
|
Batting: LHB Greg Bird
|
0-0: Swinging Strike 0-1: Foul Ball, location: 2F 0-2: Strikes out swinging
|
Batting: RHB Pablo Reyes
|
0-0: Foul Ball, location: 2F 0-1: Ball 1-1: SINGLE (Line Drive, 9S, EV 92.5 MPH)
|
Batting: RHB Albert Pujols
|
0-0: Ball 1-0: Ball 2-0: Ball 3-0: Fielders Choice at 2nd, 6-4 (Groundball, 6, EV 76.9 MPH)
|
Batting: LHB Alex Dickerson
|
0-0: Ball 1-0: Fielders Choice at 2nd, 6-4 (Groundball, 6, EV 103.1 MPH)
|
Top of the 9th over - 0 runs, 1 hit, 0 errors, 1 left on base; Boston 2 - Los Angeles 0 |
BOTTOM OF THE 9TH |
Los Angeles Angels batting - Pitching for Boston Red Sox : RHP Craig Kimbrel
|
Pitching: RHP Edwin Diaz
|
|
Batting: LHB Nick Markakis
|
0-0: Swinging Strike 0-1: Ball 1-1: Ball 2-1: Foul Ball, location: 2F 2-2: Ground out 5-3 (Groundball, 5L, EV 104.4 MPH)
|
Batting: RHB Wil Myers
|
0-0: Called Strike 0-1: Ball 1-1: Called Strike 1-2: Strikes out swinging
|
Batting: RHB Trevor Story
|
0-0: Swinging Strike 0-1: Foul Ball, location: 2F 0-2: Ball 1-2: Ball 2-2: Strikes out swinging
|
Bottom of the 9th over - 0 runs, 0 hits, 0 errors, 0 left on base; Boston 2 - Los Angeles 0 |
|